PAA
PHOENIX HOTSPUR YOUTH @ SUN PRAIRIE SWALLOWS
06/30/2022
 
TOP OF THE 1ST
Phoenix Hotspur Youth batting - Pitching for Sun Prairie Swallows : LHP Jorge Velázquez
Pitching: LHP Jorge Velázquez
Batting: RHB David Rivas 0-0: Ball
1-0: Foul Ball, location: 2F
1-1: SINGLE (Flyball, 7S)
Batting: RHB Al Thomas 0-0: Ball
1-0: Foul Ball, location: 2F
1-1: Called Strike
1-2: Ball
2-2: Foul Ball, location: 2F
2-2: Foul Ball, location: 2F
2-2: Ball
3-2: Foul Ball, location: 2F
3-2: Fly out, F7 (Flyball, 7M)
3-2: Fly out, F7 (Flyball, 7M)
Batting: LHB Derek Blair 0-0: Ball
1-0: Grounds into double play, 4-6-3 (Groundball, 4)
Top of the 1st over - 0 run(s), 1 hit(s), 0 error(s), 0 left on base; Phoenix Hotspur 0 - Sun Prairie 0
BOTTOM OF THE 1ST
Sun Prairie Swallows batting - Pitching for Phoenix Hotspur Youth : RHP Ángel Navarro
Pitching: RHP Ángel Navarro
Batting: RHB José Silva 0-0: Fly out, F8 (Flyball, 8RM)
Batting: RHB Bob Wilson 0-0: SINGLE (Line Drive, 4MD)
Batting: SHB Chris Murray 0-0: Called Strike
0-1: Called Strike
0-2: Strikes out swinging
Batting: RHB José Carlos Ramos 0-0: Fly out, F7 (Flyball, 7LM)
Bottom of the 1st over - 0 run(s), 1 hit(s), 0 error(s), 1 left on base; Phoenix Hotspur 0 - Sun Prairie 0
TOP OF THE 2ND
Phoenix Hotspur Youth batting - Pitching for Sun Prairie Swallows : LHP Jorge Velázquez
Batting: RHB Javier González 0-0: Swinging Strike
0-1: Ball
1-1: Ball
2-1: Swinging Strike
2-2: Foul Ball, location: 2F
2-2: Strikes out swinging
Batting: SHB Pedro Gómez 0-0: SINGLE (Groundball, 56D)
Batting: RHB António Padilla 0-0: Called Strike
0-1: Ball
1-1: Ball
2-1: Called Strike
2-2: Strikes out swinging
Batting: LHB Arthur Ryan 0-0: Ground out 4-3 (Groundball, 4)
Top of the 2nd over - 0 run(s), 1 hit(s), 0 error(s), 1 left on base; Phoenix Hotspur 0 - Sun Prairie 0
BOTTOM OF THE 2ND
Sun Prairie Swallows batting - Pitching for Phoenix Hotspur Youth : RHP Ángel Navarro
Batting: SHB Aurelio Costello 0-0: Ball
1-0: Ball
2-0: Ball
3-0: Base on Balls
Batting: RHB Reece White 0-0: Ball
1-0: SINGLE (Groundball, 56D)
Aurelio Costello to second
Batting: SHB Christos Galpin 0-0: Ball
1-0: Called Strike
1-1: Ball
2-1: Ball
3-1: Foul Ball, location: 2F
3-2: Base on Balls
Aurelio Costello to third
Reece White to second
Batting: RHB Joel Frazier 0-0: Ball
1-0: Called Strike
1-1: Ball
2-1: Ball
3-1: Called Strike
3-2: Base on Balls
Aurelio Costello scores
Reece White to third
Christos Galpin to second
Batting: RHB Arturo Maldonado 0-0: Ball
1-0: Ground out 6-3 (Groundball, 6MS)
Reece White scores
Christos Galpin to third
Joel Frazier to second
Batting: RHB José Silva 0-0: Called Strike
0-1: Ball
1-1: Ball
2-1: Ball
3-1: Foul Ball, location: 2F
3-2: SINGLE (Line Drive, 3D)
Christos Galpin scores
Joel Frazier to third
Batting: RHB Bob Wilson 0-0: Fly out, F8 (Flyball, 8LM)
Runner from 3rd tags up, SCORES, no throw
Batting: SHB Chris Murray 0-0: Ball
Wild Pitch!
José Silva to second
1-0: Ball
2-0: Foul Ball, location: 2F
2-1: Called Strike
2-2: Foul Ball, location: 2F
2-2: Strikes out swinging
Bottom of the 2nd over - 4 run(s), 2 hit(s), 0 error(s), 1 left on base; Phoenix Hotspur 0 - Sun Prairie 4
TOP OF THE 3RD
Phoenix Hotspur Youth batting - Pitching for Sun Prairie Swallows : LHP Jorge Velázquez
Batting: RHB Satoshi Terada 0-0: Ball
1-0: Ball
2-0: Ball
3-0: Called Strike
3-1: Foul Ball, location: 2F
3-2: Foul Ball, location: 2F
3-2: Ground out 5-3 (Groundball, 56)
Batting: RHB Jesús Álvarez 0-0: Ball
1-0: Ball
2-0: Called Strike
2-1: Swinging Strike
2-2: Strikes out swinging
Batting: RHB David Rivas 0-0: Ball
1-0: Ball
2-0: Ball
3-0: Called Strike
3-1: Ground out 6-3 (Groundball, 6)
Top of the 3rd over - 0 run(s), 0 hit(s), 0 error(s), 0 left on base; Phoenix Hotspur 0 - Sun Prairie 4
BOTTOM OF THE 3RD
Sun Prairie Swallows batting - Pitching for Phoenix Hotspur Youth : RHP Ángel Navarro
Batting: RHB José Carlos Ramos 0-0: Swinging Strike
0-1: Foul Ball, location: 2F
0-2: Foul Ball, location: 2F
0-2: Ball
1-2: Ground out 6-3 (Groundball, 6)
Batting: SHB Aurelio Costello 0-0: Swinging Strike
0-1: Foul Ball, location: 2F
0-2: Ball
1-2: Ball
2-2: Fly out, F9 (Flyball, 9M)
Batting: RHB Reece White 0-0: Called Strike
0-1: Ball
1-1: Called Strike
1-2: Strikes out swinging
Bottom of the 3rd over - 0 run(s), 0 hit(s), 0 error(s), 0 left on base; Phoenix Hotspur 0 - Sun Prairie 4
TOP OF THE 4TH
Phoenix Hotspur Youth batting - Pitching for Sun Prairie Swallows : LHP Jorge Velázquez
Batting: RHB Al Thomas 0-0: Foul Ball, location: 2F
0-1: Ball
1-1: Ground out 4-3 (Groundball, 34)
Batting: LHB Derek Blair 0-0: Fly out, F8 (Flyball, 8LM)
Batting: RHB Javier González 0-0: Ball
1-0: Called Strike
1-1: Ball
2-1: Foul Ball, location: 2F
2-2: Ground out 6-3 (Groundball, 6M)
Top of the 4th over - 0 run(s), 0 hit(s), 0 error(s), 0 left on base; Phoenix Hotspur 0 - Sun Prairie 4
BOTTOM OF THE 4TH
Sun Prairie Swallows batting - Pitching for Phoenix Hotspur Youth : RHP Ángel Navarro
Batting: SHB Christos Galpin 0-0: Ball
1-0: Ball
2-0: SOLO HOME RUN (Flyball, 78D), Distance : 429 ft
Batting: RHB Joel Frazier 0-0: Ball
1-0: Called Strike
1-1: Foul Ball, location: 2F
1-2: Ball
2-2: Foul Ball, location: 2F
2-2: SINGLE (Line Drive, 5D)
Batting: RHB Arturo Maldonado 0-0: Ball
1-0: Called Strike
1-1: Ball
2-1: Swinging Strike
2-2: Foul Ball, location: 2F
2-2: Foul Ball, location: 2F
2-2: Strikes out swinging
Batting: RHB José Silva 0-0: Called Strike
0-1: Called Strike
0-2: Ground out 5-3 (Groundball, 5S)
Joel Frazier to second
Batting: RHB Bob Wilson 0-0: Called Strike
0-1: Ball
1-1: Ground out 4-3 (Groundball, 34)
Bottom of the 4th over - 1 run(s), 2 hit(s), 0 error(s), 1 left on base; Phoenix Hotspur 0 - Sun Prairie 5
TOP OF THE 5TH
Phoenix Hotspur Youth batting - Pitching for Sun Prairie Swallows : LHP Jorge Velázquez
Batting: SHB Pedro Gómez 0-0: Called Strike
0-1: Called Strike
0-2: Strikes out swinging
Batting: RHB António Padilla 0-0: Called Strike
0-1: Ball
1-1: Called Strike
1-2: Fly out, F7 (Flyball, 78M)
Batting: LHB Arthur Ryan 0-0: Called Strike
0-1: Ball
1-1: Foul Ball, location: 2F
1-2: Ball
2-2: SINGLE (Groundball, 34D) (infield hit)
Batting: RHB Satoshi Terada 0-0: Ball
1-0: Called Strike
1-1: Foul Ball, location: 2F
1-2: Foul Ball, location: 2F
1-2: Ball
Arthur Ryan steals 2nd base
2-2: Strikes out swinging
Top of the 5th over - 0 run(s), 1 hit(s), 0 error(s), 1 left on base; Phoenix Hotspur 0 - Sun Prairie 5
BOTTOM OF THE 5TH
Sun Prairie Swallows batting - Pitching for Phoenix Hotspur Youth : RHP Ángel Navarro
Batting: SHB Chris Murray 0-0: Ground out 4-3 (Groundball, 4)
Batting: RHB José Carlos Ramos 0-0: Swinging Strike
0-1: Foul Ball, location: 2F
0-2: Ball
1-2: Strikes out swinging
Batting: SHB Aurelio Costello 0-0: Ball
1-0: Swinging Strike
1-1: Fly out, F2 (Popup, 2RF)
Bottom of the 5th over - 0 run(s), 0 hit(s), 0 error(s), 0 left on base; Phoenix Hotspur 0 - Sun Prairie 5
TOP OF THE 6TH
Phoenix Hotspur Youth batting - Pitching for Sun Prairie Swallows : LHP Jorge Velázquez
Batting: RHB Jesús Álvarez 0-0: Fly out, F9 (Popup, 9S)
Batting: RHB David Rivas 0-0: Called Strike
0-1: Foul Ball, location: 2F
0-2: Fly out, F8 (Flyball, 8LM)
Batting: RHB Al Thomas 0-0: Ball
1-0: Swinging Strike
1-1: Fly out, F8 (Flyball, 8RM)
Top of the 6th over - 0 run(s), 0 hit(s), 0 error(s), 0 left on base; Phoenix Hotspur 0 - Sun Prairie 5
BOTTOM OF THE 6TH
Sun Prairie Swallows batting - Pitching for Phoenix Hotspur Youth : RHP Ángel Navarro
Pitching: RHP Leonardo Salas
Batting: RHB Reece White 0-0: Ball
1-0: Ball
2-0: Ball
3-0: Base on Balls
Batting: SHB Christos Galpin 0-0: Called Strike
0-1: Ball
1-1: Called Strike
1-2: Ball
2-2: Ball
3-2: Foul Ball, location: 2F
3-2: Fly out, F8 (Flyball, 8LS)
Batting: RHB Joel Frazier 0-0: Fly out, F7 (Line Drive, 8LS)
Batting: RHB Arturo Maldonado 0-0: Ball
1-0: Foul Ball, location: 2F
1-1: Swinging Strike
1-2: Strikes out swinging
Bottom of the 6th over - 0 run(s), 0 hit(s), 0 error(s), 1 left on base; Phoenix Hotspur 0 - Sun Prairie 5
TOP OF THE 7TH
Phoenix Hotspur Youth batting - Pitching for Sun Prairie Swallows : LHP Jorge Velázquez
Batting: LHB Derek Blair 0-0: Foul Ball, location: 2F
0-1: Ball
1-1: Ball
2-1: Foul Ball, location: 2F
2-2: Ground out U3 (Groundball, 3L)
Batting: RHB Javier González 0-0: Foul Ball, location: 2F
0-1: Ball
1-1: Ball
2-1: Ball
3-1: Called Strike
3-2: Base on Balls
Batting: SHB Pedro Gómez 0-0: Called Strike
Javier González is caught stealing 2nd base
0-1: Called Strike
0-2: Ball
1-2: Ball
2-2: Strikes out swinging
Top of the 7th over - 0 run(s), 0 hit(s), 0 error(s), 0 left on base; Phoenix Hotspur 0 - Sun Prairie 5
BOTTOM OF THE 7TH
Sun Prairie Swallows batting - Pitching for Phoenix Hotspur Youth : RHP Leonardo Salas
Batting: RHB José Silva 0-0: Called Strike
0-1: Foul Ball, location: 2F
0-2: Ball
1-2: Foul Ball, location: 2F
1-2: Ball
2-2: Ground out 4-3 (Groundball, 4)
Batting: RHB Bob Wilson 0-0: Fly out, F8 (Flyball, 8LM)
Batting: SHB Chris Murray 0-0: Ball
1-0: Ball
2-0: Called Strike
2-1: Foul Ball, location: 2F
2-2: Ball
3-2: Hit by Pitch
Pinch Runner at 1st Marcos Rivera:
Batting: RHB José Carlos Ramos 0-0: Called Strike
0-1: Foul Ball, location: 2F
0-2: Ball
1-2: Strikes out swinging
Bottom of the 7th over - 0 run(s), 0 hit(s), 0 error(s), 1 left on base; Phoenix Hotspur 0 - Sun Prairie 5
TOP OF THE 8TH
Phoenix Hotspur Youth batting - Pitching for Sun Prairie Swallows : LHP Jorge Velázquez
Batting: RHB António Padilla 0-0: Ball
1-0: Called Strike
1-1: Called Strike
1-2: Strikes out swinging
Batting: LHB Arthur Ryan 0-0: Called Strike
0-1: Swinging Strike
0-2: SINGLE (Groundball, 6M)
Batting: RHB Satoshi Terada 0-0: Ball
1-0: Called Strike
1-1: SINGLE (Line Drive, 7LS)
Arthur Ryan to second
Batting: RHB Jesús Álvarez 0-0: Foul Ball, location: 2F
0-1: Fielders Choice at 2nd, 3-6 (Groundball, 3)
Arthur Ryan to third
Batting: RHB David Rivas 0-0: Ball
1-0: Swinging Strike
1-1: Ground out 4-3 (Groundball, 4)
Top of the 8th over - 0 run(s), 2 hit(s), 0 error(s), 2 left on base; Phoenix Hotspur 0 - Sun Prairie 5
BOTTOM OF THE 8TH
Sun Prairie Swallows batting - Pitching for Phoenix Hotspur Youth : RHP Leonardo Salas
Batting: SHB Aurelio Costello 0-0: Ball
1-0: Ball
2-0: Called Strike
2-1: Swinging Strike
2-2: Strikes out swinging
Batting: RHB Reece White 0-0: Foul Ball, location: 2F
0-1: Called Strike
0-2: Ball
1-2: Foul Ball, location: 2F
1-2: SINGLE (Flyball, 7LS)
Batting: SHB Christos Galpin 0-0: Called Strike
0-1: Swinging Strike
0-2: Ball
1-2: Ball
2-2: Ball
3-2: Grounds into double play, 4-6-3 (Groundball, 4)
Bottom of the 8th over - 0 run(s), 1 hit(s), 0 error(s), 0 left on base; Phoenix Hotspur 0 - Sun Prairie 5
TOP OF THE 9TH
Phoenix Hotspur Youth batting - Pitching for Sun Prairie Swallows : LHP Jorge Velázquez
Pitching: RHP Will Benton
Batting: RHB Al Thomas 0-0: Ball
1-0: Foul Ball, location: 2F
1-1: Fly out, F8 (Flyball, 8LM)
Batting: LHB Derek Blair 0-0: Ball
1-0: Ball
2-0: Fly out, F6 (Popup, 6MD)
Batting: RHB Javier González 0-0: Foul Ball, location: 2F
0-1: Called Strike
0-2: Strikes out swinging
Top of the 9th over - 0 run(s), 0 hit(s), 0 error(s), 0 left on base; Phoenix Hotspur 0 - Sun Prairie 5
This league is powered by Out of the Park Baseball, the baseball management simulation game for PC, Mac and Linux
Friday, April 15th, 2016 - OOTP Baseball 16.9 Build 39